 Dungeon Crawl Stone Soup version 0.27-a0-412-g8dd771eca2 (webtiles) character file.

Game seed: 6559602372238774887

453812 inmateoo the Sorcerer (level 22, -2/132 HPs)
             Began as a Deep Elf Earth Elementalist on Feb 22, 2021.
             Was the Champion of Vehumet.
             Killed from afar by Boris (85 damage)
             ... with an iron shot
             ... on level 2 of the Depths on Feb 24, 2021.
             The game lasted 02:24:24 (54970 turns).

inmateoo the Sorcerer (DEEE)                       Turns: 54970, Time: 02:24:25

Health: -2/132     AC: 10    Str:  5    XL:     22   Next: 94%
Magic:  13/44      EV: 25    Int: 45    God:    Vehumet [******]
Gold:   2376       SH:  6    Dex: 22    Spells: 7/63 levels left

rFire    + + .     SeeInvis .   N - staff of fire
rCold    + + .     Faith    .   Y - +0 buckler of Brilliance {rC++ rN+ Dex+4}
rNeg     + + .     Spirit   .   W - +1 leather armour of the Stone Wall {Int+4}
rPois    +         Reflect  .   M - +2 hat {Will+}
rElec    .         Harm     .   H - scarf {repulsion}
rCorr    +         Rampage  .   O - +1 pair of gloves {Dex+3}
Will     +++..                  b - +1 pair of boots "Nuiggy" {rC+}
Stlth    +++++.....             V - amulet of magic regeneration
HPRegen  0.32/turn              U - ring of Umohu {rF+ rN+ Int+4}
MPRegen  0.54/turn              I - ring of Arup {rPois rC- rCorr Int+6}

@: studying Bows, repel missiles
A: low mp 1
}: 3/15 runes: serpentine, barnacled, silver
a: Renounce Religion


You were on level 2 of the Depths.
You worshipped Vehumet.
Vehumet was exalted by your worship.
You visited 9 branches of the dungeon, and saw 42 of its levels.
You visited the Abyss 1 time.
You visited 1 bazaar.
You also visited: Sewer and Ice Cave.

You collected 5828 gold pieces.
You spent 3452 gold pieces at shops.

Inventory:

Hand Weapons
 e - the +5 mace "Huloum" {vorpal, rElec Str+3 Int+4}
   (You found it on level 1 of the Vaults)

   It inflicts extra damage upon your enemies.
   It affects your strength (+3).
   It affects your intelligence (+4).
   It insulates you from electricity.
 r - a +8 dagger of electrocution
Armour
 b - the +1 pair of boots "Nuiggy" (worn) {rC+}
   (You bought it in a shop on level 2 of the Orcish Mines)

   It protects you from cold.
 H - a scarf of repulsion (worn)
 M - a +2 hat of willpower (worn)
 O - a +1 pair of gloves of dexterity (worn)
 W - the +1 leather armour of the Stone Wall (worn) {Int+4}
   (You found it on level 6 of the Lair of Beasts)

   It affects your intelligence (+4).
 Y - the +0 buckler of Brilliance (worn) {rC++ rN+ Dex+4}
   (You acquired it on level 3 of the Snake Pit)

   It affects your dexterity (+4).
   It greatly protects you from cold.
   It protects you from negative energy.
Magical Staves
 N - a staff of fire (weapon)
Jewellery
 I - the ring of Arup (right hand) {rPois rC- rCorr Int+6}
   (You bought it in a shop on level 2 of the Elven Halls)

   [ring of resist corrosion]

   It affects your intelligence (+6).
   It makes you vulnerable to cold.
   It protects you from poison.
   It provides partial protection from all sources of acid and corrosion.
 T - the ring "Dogufy" {rPois rF++ Str-3 Dex+6}
   (You found it on level 3 of the Elven Halls)

   [ring of dexterity]

   It affects your strength (-3).
   It affects your dexterity (+6).
   It greatly protects you from fire.
   It protects you from poison.
 U - the ring of Umohu (left hand) {rF+ rN+ Int+4}
   (You bought it in a shop in a bazaar)

   [ring of protection from fire]

   It affects your intelligence (+4).
   It protects you from fire.
   It protects you from negative energy.
 V - an amulet of magic regeneration (around neck)
Wands
 i - a wand of iceblast (14)
 j - a wand of charming (7)
 o - a wand of flame (28)
 y - a wand of polymorph (11)
 z - a wand of paralysis (9)
 F - a wand of mindburst (16)
 J - a wand of random effects (144)
 S - a wand of acid (9)
 Z - a wand of digging (14)
Scrolls
 c - 6 scrolls of blinking
 f - 10 scrolls of fear
 g - 15 scrolls of identify
 m - 18 scrolls of teleportation
 s - a scroll of summoning
 v - 3 scrolls of magic mapping
 w - 5 scrolls of fog
 B - a scroll of enchant weapon
 D - 3 scrolls of holy word
 G - 2 scrolls of silence
 K - 9 scrolls of enchant armour
 X - 2 scrolls of amnesia
Potions
 a - 3 potions of flight
 d - 8 potions of might
 h - 13 potions of heal wounds
 l - 4 potions of haste
 n - 6 potions of invisibility
 p - 3 potions of magic
 q - 10 potions of lignification
 t - 6 potions of brilliance
 u - 28 potions of curing
 A - 4 potions of berserk rage
 C - 6 potions of resistance
 E - 5 potions of mutation
 L - 3 potions of cancellation
 R - 2 potions of ambrosia
Miscellaneous
 k - a tin of tremorstones (2/2)
 x - a box of beasts
 P - a phantom mirror
 Q - a phial of floods


   Skills:
 - Level 12.0 Fighting
 - Level 6.0 Short Blades
 - Level 15.0 Dodging
 - Level 10.0 Stealth
 - Level 4.0 Shields
 - Level 21.0 Spellcasting
 - Level 15.0 Conjurations
 - Level 7.0 Summonings
 - Level 7.0 Translocations
 - Level 10.0 Transmutations
 - Level 18.0 Fire Magic
 + Level 11.2 Ice Magic
 - Level 18.0 Earth Magic
 - Level 10.0 Evocations


You had 7 spell levels left.
You knew the following spells:

 Your Spells              Type           Power        Failure   Level
a - Stone Arrow           Conj/Erth      100%         0%          3
b - Passwall              Tmut/Erth      89%          0%          2
c - Ignition              Fire           71%          1%          8
d - Petrify               Tmut/Erth      100%         1%          4
e - Lee's Rapid Deconstr  Erth           59%          0%          5
f - Iron Shot             Conj/Erth      57%          1%          6
g - Shatter               Erth           59%          11%         9
h - Apportation           Tloc           100%         1%          1
i - Spellforged Servitor  Conj/Summ      49%          1%          7
j - Summon Forest         Summ/Tloc      42%          1%          5
k - Statue Form           Tmut/Erth      71%          1%          6

Your spell library contained the following spells:

 Spells                   Type           Power        Failure   Level
 Fire Storm               Conj/Fire      69%          21%         9
 Chain Lightning          Conj/Air       43%          45%         8
 Absolute Zero            Ice            49%          83%         9
 Beastly Appendage        Tmut           100%         0%          1
 Foxfire                  Conj/Fire      100%         0%          1
 Magic Dart               Conj           100%         0%          1
 Sandblast                Erth           100%         0%          1
 Wereblood                Tmut           95%          0%          2
 Conjure Flame            Conj/Fire      100%         0%          3
 Sticky Flame             Conj/Fire      100%         0%          4
 Bolt of Magma            Conj/Fire/Erth 70%          0%          5
 Fireball                 Conj/Fire      69%          0%          5
 Animate Skeleton         Necr           94%          1%          1
 Corona                   Hex            52%          1%          1
 Pain                     Necr           100%         1%          1
 Summon Small Mammal      Summ           100%         1%          1
 Blink                    Tloc           N/A          1%          2
 Call Imp                 Summ           84%          1%          2
 Corpse Rot               Necr/Air       N/A          1%          2
 Ensorcelled Hibernation  Hex/Ice        100%         1%          2
 Poisonous Vapours        Pois/Air       94%          1%          2
 Slow                     Hex            47%          1%          2
 Sublimation of Blood     Necr           23%          1%          2
 Swiftness                Air            47%          1%          2
 Confusing Touch          Hex            47%          1%          3
 Dazzling Flash           Conj/Hex       100%         1%          3
 Gell's Gravitas          Tloc           42%          1%          3
 Ignite Poison            Fire/Tmut/Pois 100%         1%          3
 Inner Flame              Hex/Fire       100%         1%          3
 Lesser Beckoning         Tloc           42%          1%          3
 Mephitic Cloud           Conj/Pois/Air  75%          1%          3
 Ozocubu's Armour         Ice            99%          1%          3
 Spider Form              Tmut/Pois      37%          1%          3
 Static Discharge         Conj/Air       86%          1%          3
 Tukima's Dance           Hex            47%          1%          3
 Vampiric Draining        Necr           23%          1%          3
 Ice Form                 Ice/Tmut       97%          1%          4
 Leda's Liquefaction      Hex/Erth       45%          1%          4
 Passage of Golubria      Tloc           N/A          1%          4
 Blade Hands              Tmut           47%          1%          5
 Borgnjor's Vile Clutch   Necr/Erth      45%          1%          5
 Irradiate                Conj/Tmut      51%          1%          5
 Iskenderun's Battlesphe  Conj           100%         1%          5
 Lightning Bolt           Conj/Air       43%          1%          5
 Metabolic Englaciation   Hex/Ice        39%          1%          5
 Yara's Violent Unravell  Hex/Tmut       37%          1%          5
 Hydra Form               Tmut           47%          1%          6
 Orb of Destruction       Conj           55%          1%          7
 Alistair's Intoxication  Tmut/Pois      50%          2%          5
 Eringya's Noxious Bog    Tmut/Pois      37%          3%          6
 Summon Mana Viper        Hex/Summ       68%          4%          5
 Animate Dead             Necr           23%          7%          4
 Dispel Undead            Necr           47%          7%          4
 Simulacrum               Ice/Necr       39%          11%         6
 Agony                    Necr           47%          19%         5
 Summon Hydra             Summ           42%          32%         7
 Invisibility             Hex            47%          71%         6
 Tornado                  Air            23%          100%        9


Dungeon Overview and Level Annotations

Branches:
Dungeon (15/15)            Temple (1/1) D:6            Lair (6/6) D:9
 Shoals (4/4) Lair:3        Snake (4/4) Lair:3        Slime (0/5) Lair:5
    Orc (2/2) D:10            Elf (3/3) Orc:2        Vaults (5/5) D:14
  Crypt (0/3) Vaults:3     Depths (2/5) D:15          Sewer (visited)
  IceCv (visited)

Altars:
Ashenzari
Cheibriados
Dithmenos
Elyvilon
Fedhas
Gozag
Hepliaklqana
Kikubaaqudgha
Makhleb
Nemelex Xobeh
Okawaru
Qazlal
Ru
Sif Muna
Trog
Uskayaw
Vehumet
Wu Jian
Xom
Yredelemnul
Zin
The Shining One
Beogh
Jiyva

Shops:
D:8 [   D:13 [   Orc:1 **   Orc:2 ([:!   Elf:2 =*:!   Shoals:3 [   Snake:3 !*!=
Snake:4 **   Vaults:2 [   Vaults:5 !

Portals:
Hell: Depths:1
Trove: D:12 (give 16 potions of curing)

Annotations:
Elf:2 3 runed translucent doors
Depths:2 Boris


Innate Abilities, Weirdness & Mutations

Your magical capacity is low. (-10% MP)


Message History

The boggart casts a spell.
Send 'em back where they came from!
Your dryad shudders.
Unknown command.
Unknown command.
Casting: Ignition (dangerous; 1% risk of failure)
Confirm with . or Enter, or press ? or * to list all spells.
Casting: Ignition (dangerous; 1% risk of failure)
Press: ? - help, Dir - look around, f - activate You feel a surge of power!
The air bursts into flame!
The fireball engulfs the stone giant!
The stone giant is almost dead.
The fireball engulfs the boggart!
The boggart is heavily wounded.
The fireball engulfs something!!
You hear a shout!
Something hits you! Something touches you.
Unknown command.
Unknown command.
Casting: Ignition (dangerous; 1% risk of failure)
Confirm with . or Enter, or press ? or * to list all spells.
Casting: Ignition (dangerous; 1% risk of failure)
Press: ? - help, Dir - look around, f - activate You feel a surge of power!
The air bursts into flame!
The fireball engulfs the stone giant!!
You kill the stone giant!
Vehumet accepts your kill.
You feel your power returning.
The fireball engulfs the boggart!!
You kill the boggart!
Vehumet accepts your kill.
You feel your power returning.
The fireball engulfs something!!
You hear a deafening roar!
You hear a shout!
You hear a deafening roar!
Something hits you!
Something touches you but does no damage.
Unknown command.
You hear some strange, mumbled words.
An iron shot appears from out of thin air!
The iron shot hits you!!!!
Ouch! That really hurt!
You die...

#..........#.
.............♣..
..♣.!..(..♣..♣..
#...............#
#............##.#.
♣#.♣...............
#.....(.{..........
.!...)♣.R.♣........
....♣.).8@.........
....♣.)[≈..♣.......
......§§≈..........
.......§≈≈<..♣.....
....)♣.♣....♣♣##..#
.♣.)......♣.=# #
≈≈......##♣.#♣
≈≈≈...... #♣#
≈.....


You could see a friendly spellforged servitor (summoned) and a friendly dryad
(summoned).

Vanquished Creatures
  A dread lich (Vaults:5)
  An ancient lich (Vaults:5)
  Boris (Depths:1)
  Saint Roka (Vaults:2)
  Frederick (Vaults:4)
  Bai Suzhen (Shoals:4)
  3 golden dragons (Vaults:5)
  Nikola (Vaults:2)
  A tentacled monstrosity (Vaults:5)
  2 liches (Vaults:5)
  6 titans (Vaults:5)
  3 deep elf master archers (Elf:3)
  A deep elf blademaster (Elf:3)
  Polyphemus (Shoals:2)
  Kirke (Shoals:3)
  Gastronok (D:12)
  3 tengu reavers (Vaults:5)
  2 storm dragons
  Roxanne (Shoals:2)
  3 frost giants
  5 nagarajas
  A fire giant (D:15)
  10 deep elf sorcerers
  10 vault wardens
  A ghoul (Vaults:2)
  5 deep elf elementalists
  A cacodemon (Abyss:3)
  3 very ugly things (Vaults:3)
  14 ironheart preservers
  8 stone giants
  Nessos (D:14)
  9 deep elf demonologists
  A white draconian (IceCv)
  8 deep elf annihilators
  A dire elephant (Lair:6)
  4 merfolk javelineers
  9 ettins
  A crystal guardian (Vaults:5)
  3 great orbs of eyes
  Josephine (Orc:2)
  8 deep elf death magi
  9 deep elf high priests
  5 merfolk impalers
  4 fire dragons
  9 yaktaur captains
  28 vault guards
  7 hydras
  7 boulder beetles
  A catoblepas (Lair:6)
  4 ice dragons
  11 naga warriors
  2 rakshasas
  10 merfolk aquamancers
  3 alligator snapping turtles
  4 centaur warriors
  8 ogre magi
  30 two-headed ogres
  7 dancing weapons
  4 anacondas
  6 deep troll earth magi
  3 death knights
  11 death yaks
  2 tengu warriors (D:14)
  2 hell hogs (Depths:1)
  2 satyrs
  2 thrashing horrors
  11 naga sharpshooters
  4 orc high priests
  2 wretched stars (Abyss:3)
  Urug (D:14)
  3 shock serpents
  14 deep elf knights
  Sonja (Lair:1)
  2 salamander mystics (Snake:4)
  16 deep trolls
  An unseen horror (Vaults:1)
  A skeletal warrior (D:9)
  7 sea snakes
  10 deep elf archers
  4 lindwurms
  12 orc knights
  2 phantasmal warriors (Vaults:5)
  A wizard (Vaults:1)
  9 harpies
  22 deep elf zephyrmancers
  5 mana vipers
  2 naga ritualists
  20 deep elf pyromancers
  4 wolf spiders
  An oklob plant (Lair:6)
  5 orc sorcerers
  13 ironbrand convokers
  11 salamanders
  7 manticores
  A mana viper (shapeshifter) (Vaults:5)
  19 ugly things
  7 fauns
  6 cyclopes
  Maurice (D:9)
  4 guardian serpents
  2 ice statues
  11 vault sentinels
  19 black mambas
  8 merfolk sirens
  20 elephants
  9 water nymphs
  15 naga magi
  2 guardian serpents (shapeshifter)
  19 cane toads
  2 torpor snails
  A kobold demonologist (D:12)
  43 yaktaurs
  An ice devil (Lair:4)
  8 rime drakes
  11 komodo dragons
  7 freezing wraiths
  2 tengu conjurers (Depths:1)
  2 queen bees (shapeshifter)
  A merfolk (shapeshifter) (Vaults:5)
  A jumping spider (shapeshifter) (Vaults:3)
  23 merfolk
  An ancient zyme (Abyss:3)
  7 wind drakes
  A meliai (shapeshifter) (Vaults:1)
  12 trolls
  19 polar bears
  A harpy skeleton (Abyss:3)
  10 dream sheep
  6 blink frogs
  12 snapping turtles
  14 slime creatures
  A vampire (D:12)
  A redback (shapeshifter) (Vaults:5)
  A snapping turtle (shapeshifter) (Vaults:3)
  A centaur simulacrum (D:15)
  8 wraiths
  2 shadows
  5 wyverns
  3 large abominations (Abyss:3)
  8 basilisks
  3 fire elementals
  4 hogs (Shoals:3)
  16 humans
  18 water elementals
  65 yaks
  2 basilisks (shapeshifter)
  A human (shapeshifter) (Elf:3)
  8 vampire mosquitoes (D:12)
  A steam dragon (D:12)
  5 wargs
  5 acid dragons
  2 neqoxecs (Abyss:3)
  A spatial vortex (Abyss:3)
  A steam dragon (shapeshifter) (Vaults:1)
  23 nagas
  16 water moccasins
  9 hell hounds (Depths:1)
  A swamp drake (D:10)
  3 nameless horrors
  35 orc warriors
  4 black bears
  An ettin simulacrum (Vaults:3)
  9 ice beasts
  2 sky beasts
  An eye of draining (D:11)
  37 wolves
  20 ogres
  12 boggarts
  A boggart (shapeshifter) (Vaults:5)
  A wolf (shapeshifter) (Vaults:5)
  10 centaurs
  3 necrophages
  A phantom (D:7)
  6 kobold brigands
  20 bullfrogs
  2 earth elementals
  2 wyvern zombies
  2 wyvern skeletons (D:9)
  A scorpion (shapeshifter) (Vaults:4)
  4 scorpions
  22 wights
  5 howler monkeys
  An electric eel (Orc:1)
  2 crimson imps (D:4)
  A quasit (D:10)
  5 centaur zombies
  2 bullfrog skeletons
  3 jellies
  7 centaur skeletons
  22 orc priests
  4 hounds
  27 orc wizards
  8 worker ants
  A hound zombie (D:11)
  A worker ant zombie (D:11)
  7 gnolls
  A howler monkey skeleton (D:7)
  16 adders
  4 river rats
  A shadow imp (D:9)
  3 white imps
  3 ufetubi
  6 oozes
  2 adder skeletons (D:4)
  An adder zombie (D:8)
  5 worms
  3 dart slugs
  6 leopard geckos
  119 orcs
  11 bats
  7 giant cockroaches
  8 goblins
  6 hobgoblins
  14 jackals
  30 kobolds
  2 quokkas
  11 ball pythons
  2 frilled lizards
  A leopard gecko skeleton (D:4)
  A leopard gecko zombie (D:8)
  A quokka zombie (D:8)
  33 rats
  A bush (Shoals:2)
1643 creatures vanquished.

Vanquished Creatures (collateral kills)
  A dread lich (Vaults:5)
  An ancient lich (Vaults:5)
  Mara (Shoals:3)
  Rupert (Orc:2)
  3 tentacled monstrosities (Vaults:5)
  4 nagarajas
  2 iron dragons (Vaults:5)
  A fire giant (Vaults:5)
  A vault warden (Vaults:5)
  A balrug (Abyss:3)
  A deep elf elementalist (Vaults:5)
  2 ironheart preservers (Vaults:1)
  2 stone giants
  A deep elf annihilator (Vaults:5)
  2 deep elf demonologists
  3 ettins
  2 great orbs of eyes (Depths:1)
  3 catoblepae
  An ice dragon (Depths:1)
  An anaconda (Snake:2)
  A vault guard (Vaults:1)
  A satyr (Shoals:3)
  3 two-headed ogres
  8 naga warriors
  3 merfolk aquamancers
  A death yak (Shoals:2)
  A deep troll earth mage (Vaults:1)
  2 thrashing horrors (Abyss:3)
  5 naga sharpshooters
  A wretched star (Abyss:3)
  A deep elf knight (Vaults:5)
  A spatial maelstrom (Abyss:3)
  A large abomination (Abyss:3)
  7 sea snakes
  5 harpies (Shoals:2)
  A deep elf pyromancer (Vaults:1)
  An orc knight (Vaults:2)
  An ironbrand convoker (Vaults:5)
  A wolf spider (Vaults:5)
  2 phantasmal warriors (Vaults:5)
  6 fauns
  10 ugly things
  2 manticores (Shoals:1)
  6 salamanders
  A cyclops (Shoals:3)
  An elephant (Lair:5)
  7 black mambas
  8 naga magi
  A guardian serpent (Snake:4)
  A water nymph (Shoals:1)
  An efreet (Abyss:3)
  2 yaktaurs (Vaults:1)
  A troll (Orc:1)
  12 merfolk
  A snapping turtle (Shoals:1)
  A dream sheep (Shoals:3)
  5 water elementals
  A wraith (Orc:2)
  A fire elemental (Elf:2)
  A yaktaur simulacrum (Vaults:1)
  14 nagas
  An orc warrior (Orc:1)
  A small abomination (Abyss:3)
  3 orc priests
  3 orc wizards (Orc:1)
  3 orcs
175 creatures vanquished.

Vanquished Creatures (others)
  Boris (Vaults:2)
  Donald (Vaults:2)
  A fire giant (Vaults:5)
  A deep elf elementalist (Vaults:5)
  A centaur warrior (Vaults:2)
  An unseen horror (Vaults:1)
  A deep elf pyromancer (Vaults:1)
  A deep elf zephyrmancer (Elf:2)
  A merfolk siren (Shoals:4)
  5 golden eyes (Abyss:3)
  A human simulacrum (Vaults:2)
  2 orcs
  62 fungi
  186 plants
  18 snaplasher vines
283 creatures vanquished.

Grand Total: 2101 creatures vanquished

Notes
Turn   | Place    | Note
-------+----------+-------------------------------------------
     0 | D:1      | inmateoo the Deep Elf Earth Elementalist began the quest
                  | for the Orb.
     0 | D:1      | Reached XP level 1. HP: 10/10 MP: 6/6
   247 | D:1      | Reached XP level 2. HP: 12/15 MP: 5/8
   293 | D:1      | Learned a level 2 spell: Passwall
   748 | D:1      | Reached XP level 3. HP: 12/20 MP: 9/9
  1711 | D:2      | Reached skill level 1 in Fighting
  2110 | D:2      | Learned a level 3 spell: Stone Arrow
  2133 | D:2      | Reached XP level 4. HP: 23/25 MP: 6/11
  2767 | D:2      | Found a glowing silver altar of Zin.
  3622 | D:3      | Reached XP level 5. HP: 24/29 MP: 3/12
  3768 | D:3      | Reached skill level 4 in Spellcasting
  4247 | D:4      | Noticed an orc warrior
  4317 | D:4      | Reached XP level 6. HP: 35/35 MP: 11/14
  4421 | D:4      | Found a glowing drain.
  4458 | Sewer    | Entered a sewer
  4645 | Sewer    | Learned a level 4 spell: Petrify
  5156 | Sewer    | Reached XP level 7. HP: 36/40 MP: 12/16
  5263 | D:4      | Reached skill level 5 in Spellcasting
  5519 | D:4      | Found a shimmering altar of Xom.
  5668 | D:5      | Entered Level 5 of the Dungeon
  5740 | D:5      | Reached skill level 5 in Stealth
  5804 | D:5      | Reached skill level 5 in Dodging
  5804 | D:5      | Reached skill level 5 in Earth Magic
  6152 | D:6      | Reached XP level 8. HP: 44/46 MP: 11/18
  6204 | D:6      | Reached skill level 6 in Spellcasting
  6441 | D:5      | Reached skill level 7 in Spellcasting
  6462 | D:5      | Learned a level 5 spell: Lee's Rapid Deconstruction
  7030 | D:6      | Found a hide-covered altar of Uskayaw.
  7102 | D:6      | You fall into a shaft and drop 1 floor!
  7152 | D:7      | Reached skill level 1 in Shields
  7255 | D:7      | Got a distressingly furry robe
  7266 | D:7      | Identified the +1 robe "Dosozuc" {Int+3} (You found it on
                  | level 7 of the Dungeon)
  7275 | D:7      | Found a sparkling altar of Nemelex Xobeh.
  7342 | D:7      | Reached skill level 8 in Spellcasting
  7580 | D:7      | Reached XP level 9. HP: 52/52 MP: 21/23
  7783 | D:6      | Found a staircase to the Ecumenical Temple.
  7879 | D:6      | Found a glowing golden altar of the Shining One.
  8202 | Temple   | Entered the Ecumenical Temple
  8414 | Temple   | Became a worshipper of Vehumet
  8464 | D:7      | Found an ancient bone altar of Kikubaaqudgha.
  8850 | D:8      | Found Ydehoi's Armour Boutique.
  8858 | D:8      | Bought a +0 buckler of reflection for 119 gold pieces
  8892 | D:8      | Reached skill level 9 in Spellcasting
  9133 | D:8      | Found a basalt altar of Yredelemnul.
  9148 | D:8      | Reached * piety under Vehumet
  9148 | D:8      | Offered knowledge of Shock by Vehumet.
  9271 | D:9      | Found a sacrificial altar of Ru.
  9278 | D:9      | Noticed a freezing wraith
  9278 | D:9      | Noticed a skeletal warrior
  9279 | D:9      | Noticed a death knight
  9509 | D:9      | Reached skill level 10 in Spellcasting
  9588 | D:8      | Reached XP level 10. HP: 54/56 MP: 6/26
  9844 | D:9      | Reached skill level 11 in Spellcasting
 10071 | D:9      | Offered knowledge of Freeze by Vehumet.
 10078 | D:9      | Reached ** piety under Vehumet
 10182 | D:9      | Noticed Maurice
 10201 | D:9      | Killed Maurice
 10202 | D:9      | Reached skill level 10 in Earth Magic
 10242 | D:9      | Reached skill level 12 in Spellcasting
 10456 | D:9      | Found a bloodstained altar of Trog.
 10566 | D:9      | Found a shadowy altar of Dithmenos.
 10610 | D:9      | Killed a death knight
 10611 | D:9      | Reached skill level 13 in Spellcasting
 10800 | D:9      | Killed a skeletal warrior
 10801 | D:9      | Reached skill level 14 in Spellcasting
 10875 | D:9      | Found a staircase to the Lair.
 10922 | D:9      | Found an iron altar of Okawaru.
 11033 | D:10     | Entered Level 10 of the Dungeon
 11089 | D:10     | Offered knowledge of Inner Flame by Vehumet.
 11184 | D:10     | Noticed a two-headed ogre
 11197 | D:10     | Killed a two-headed ogre
 11198 | D:10     | Reached XP level 11. HP: 61/61 MP: 29/31
 11308 | D:10     | Reached *** piety under Vehumet
 11439 | D:10     | Reached skill level 1 in Short Blades
 11504 | D:10     | Got an ichor-stained spear
 11507 | D:10     | Identified the +0 spear of Insufficient Pleasure {vorpal,
                  | rElec rN+++ Dex-3 Stlth-} (You found it on level 10 of the
                  | Dungeon)
 11627 | D:10     | Offered knowledge of Dazzling Flash by Vehumet.
 11697 | D:10     | Found a staircase to the Orcish Mines.
 12342 | D:11     | Reached **** piety under Vehumet
 12365 | D:11     | Offered knowledge of Sticky Flame by Vehumet.
 12384 | D:11     | Reached skill level 1 in Evocations
 12479 | D:11     | Found a glowing golden altar of the Shining One.
 12968 | D:11     | Noticed a two-headed ogre
 12992 | D:11     | Killed a two-headed ogre
 13320 | D:12     | Noticed a white ugly thing
 13323 | D:12     | Found a portal to a secret trove of treasure.
 13349 | D:12     | Noticed a two-headed ogre
 13360 | D:12     | Killed a two-headed ogre
 13365 | D:12     | Found a frozen archway.
 13375 | IceCv    | Entered an ice cave
 13573 | IceCv    | Reached skill level 5 in Fighting
 13736 | IceCv    | Reached XP level 12. HP: 39/68 MP: 18/32
 13844 | IceCv    | Reached skill level 5 in Short Blades
 13941 | IceCv    | Reached ***** piety under Vehumet
 13994 | IceCv    | Noticed a white draconian
 14000 | IceCv    | Offered knowledge of Yara's Violent Unravelling by Vehumet.
 14013 | IceCv    | Killed a white draconian
 14261 | IceCv    | Got a translucent hat
 14267 | IceCv    | Identified the +0 hat of Gravitas {Harm rPois rF+} (You
                  | found it in an ice cave)
 14390 | IceCv    | Reached skill level 15 in Spellcasting
 14514 | D:12     | Noticed a boulder beetle
 14539 | D:12     | Killed a boulder beetle
 14554 | D:12     | Noticed a fire dragon
 14554 | D:12     | Noticed a fire dragon
 14574 | D:12     | Killed a fire dragon
 14690 | D:12     | Killed a fire dragon
 14895 | D:12     | Reached skill level 5 in Evocations
 15031 | D:12     | Got a glimmering war axe
 15032 | D:12     | Identified the +6 war axe of Gehenna {flame, +Rage SInv}
                  | (You found it on level 12 of the Dungeon)
 15143 | D:12     | Noticed Gastronok
 15154 | D:12     | Killed Gastronok
 15155 | D:12     | Reached XP level 13. HP: 74/74 MP: 20/34
 15241 | D:12     | Found a shimmering altar of Xom.
 16002 | D:13     | Found Nijit's Armour Boutique.
 16039 | D:13     | Bought a +1 pair of gloves of dexterity for 231 gold pieces
 16286 | D:14     | Found a gate to the Vaults.
 16286 | D:14     | Noticed Nessos
 16286 | D:14     | Noticed Urug
 16435 | D:14     | Offered knowledge of Starburst by Vehumet.
 16512 | D:14     | Killed Nessos
 16709 | D:14     | Killed Urug
 16915 | D:14     | Reached skill level 10 in Stealth
 16915 | D:14     | Reached skill level 16 in Spellcasting
 17135 | D:14     | Identified the Grimoire of Destructive Bewitchment
 17631 | D:15     | Entered Level 15 of the Dungeon
 18168 | D:15     | Reached XP level 14. HP: 82/82 MP: 21/36
 18464 | D:15     | Noticed a fire giant
 18464 | D:15     | Found a staircase to the Depths.
 18660 | D:15     | Killed a fire giant
 19063 | Lair:1   | Entered Level 1 of the Lair of Beasts
 19320 | Lair:1   | Reached skill level 17 in Spellcasting
 19496 | Lair:1   | Noticed Sonja
 19499 | Lair:1   | Killed Sonja
 19521 | Lair:1   | Offered knowledge of Orb of Destruction by Vehumet.
 19617 | Lair:1   | Learned a level 7 spell: Orb of Destruction
 19917 | Lair:1   | Found a shimmering blue altar of Sif Muna.
 20158 | Lair:2   | Reached skill level 1 in Conjurations
 20568 | Lair:2   | Got a jewelled long sword
 20569 | Lair:2   | Identified the +5 long sword of Prudence {flame, *Slow rC+
                  | Dex+4} (You found it on level 2 of the Lair of Beasts)
 21172 | Lair:3   | Found a staircase to the Snake Pit.
 21574 | Lair:2   | Reached skill level 5 in Transmutations
 22266 | Lair:3   | Found a staircase to the Shoals.
 22818 | Lair:4   | Reached skill level 10 in Evocations
 23135 | Lair:4   | Identified the Disquisition on Venom and Changing
 23327 | Lair:4   | Reached XP level 15. HP: 73/86 MP: 24/38
 23610 | Lair:4   | Learned a level 9 spell: Shatter
 24316 | Lair:5   | Reached skill level 18 in Spellcasting
 24462 | Lair:5   | Reached skill level 5 in Conjurations
 24619 | Lair:5   | Found a staircase to the Slime Pits.
 24619 | Lair:5   | Found a viscous altar of Jiyva.
 24654 | Lair:5   | Learned a level 8 spell: Ignition
 24717 | Lair:5   | Learned a level 1 spell: Apportation
 25053 | Lair:6   | Entered Level 6 of the Lair of Beasts
 25154 | Lair:6   | Offered knowledge of Spellforged Servitor by Vehumet.
 25174 | Lair:5   | Learned a level 7 spell: Spellforged Servitor
 25387 | Lair:6   | Reached skill level 1 in Fire Magic
 25408 | Lair:6   | Reached skill level 1 in Summonings
 25408 | Lair:6   | Reached skill level 1 in Translocations
 25470 | Lair:6   | Identified the +1 leather armour of the Stone Wall {Int+4}
                  | (You found it on level 6 of the Lair of Beasts)
 26382 | Lair:6   | Identified the +3 double sword "Gexkimase" {vorpal, Int+2
                  | Dex+4} (You found it on level 6 of the Lair of Beasts)
 26725 | Orc:1    | Entered Level 1 of the Orcish Mines
 26774 | Orc:1    | Found Wimim's Assorted Antiques.
 26780 | Orc:1    | Bought a leatherbound book for 420 gold pieces
 26786 | Orc:1    | Learned a level 5 spell: Summon Forest
 26879 | Orc:1    | Offered knowledge of Bolt of Magma by Vehumet.
 26962 | Orc:1    | Found Liha's Assorted Antiques.
 27031 | Orc:1    | Bought a scroll of torment for 210 gold pieces
 27031 | Orc:1    | Bought a smoky cyan potion for 25 gold pieces
 27188 | Orc:2    | Entered Level 2 of the Orcish Mines
 27190 | Orc:2    | Noticed Rupert
 27206 | Orc:2    | Killed Rupert
 27279 | Orc:2    | Found a roughly hewn altar of Beogh.
 27288 | Orc:2    | Found a staircase to the Elven Halls.
 27366 | Orc:2    | Noticed Josephine
 27510 | Orc:2    | Killed Josephine
 27789 | Orc:2    | Reached XP level 16. HP: 91/92 MP: 25/40
 28386 | Orc:2    | Reached ****** piety under Vehumet
 28406 | Orc:2    | Offered knowledge of Iron Shot by Vehumet.
 28439 | Orc:2    | Reached skill level 5 in Summonings
 28601 | Orc:2    | Reached skill level 15 in Earth Magic
 28604 | Orc:2    | Reached skill level 5 in Translocations
 28630 | Orc:2    | Found Fas Zei's Distillery.
 28630 | Orc:2    | Found Rynnoc's Book Shop.
 28635 | Orc:2    | Found Oquroad's Antique Armour Shoppe.
 28635 | Orc:2    | Found Fukixey's Weapon Shop.
 28643 | Orc:2    | Bought a pair of buzzing boots for 275 gold pieces
 28656 | Orc:2    | Identified the +1 pair of boots "Nuiggy" {rC+} (You bought
                  | it in a shop on level 2 of the Orcish Mines)
 28981 | Snake:1  | Entered Level 1 of the Snake Pit
 29291 | Snake:1  | Learned a level 6 spell: Iron Shot
 29652 | Snake:2  | Reached skill level 19 in Spellcasting
 30826 | Snake:2  | Upgraded the game from 0.27-a0-406-g23f261fbd2 to
                  | 0.27-a0-412-g8dd771eca2
 31639 | Snake:3  | Identified a scroll of acquirement
 31639 | Snake:3  | Acquired the +0 buckler of Brilliance {rC++ rN+ Dex+4}
 31686 | Snake:3  | Found Elerryum's Assorted Antiques.
 31690 | Snake:3  | Found Gyohod's Jewellery Shoppe.
 31690 | Snake:3  | Found Ceishux's Distillery.
 31737 | Snake:3  | Found Qaukhlif's Distillery.
 31739 | Snake:3  | Bought a scroll of teleportation for 114 gold pieces
 31743 | Snake:3  | Bought a potion of heal wounds for 90 gold pieces
 31743 | Snake:3  | Bought a potion of curing for 54 gold pieces
 31743 | Snake:3  | Bought a potion of curing for 54 gold pieces
 31743 | Snake:3  | Bought a potion of curing for 54 gold pieces
 32244 | Snake:4  | Entered Level 4 of the Snake Pit
 32261 | Snake:4  | Found an ancient bone altar of Kikubaaqudgha.
 32755 | Snake:4  | Found Yhicut Heale's General Store.
 33106 | Snake:4  | Reached skill level 5 in Fire Magic
 33411 | Snake:4  | Found Valiasm's General Store.
 33510 | Snake:4  | Offered knowledge of Lehudib's Crystal Spear by Vehumet.
 33521 | Snake:4  | Reached XP level 17. HP: 96/96 MP: 17/42
 34226 | Snake:4  | Reached skill level 20 in Spellcasting
 34546 | Snake:4  | Got a serpentine rune of Zot
 34929 | Shoals:1 | Entered Level 1 of the Shoals
 34964 | Lair:3   | HP: 2/94 [merfolk aquamancer/ball of steam (21)]
 35169 | Shoals:1 | Offered knowledge of Fire Storm by Vehumet.
 35169 | Shoals:1 | Offered knowledge of Chain Lightning by Vehumet.
 35169 | Shoals:1 | Offered knowledge of Absolute Zero by Vehumet.
 36362 | Shoals:2 | Identified Roxanne's Incunabulum of Moulding
 36362 | Shoals:2 | Noticed Roxanne
 36372 | Shoals:2 | Noticed Polyphemus
 36566 | Shoals:2 | Identified the +6 falchion of Slow Death {vorpal, +Blink
                  | +Inv} (You found it on level 2 of the Shoals)
 36629 | Shoals:2 | Killed Polyphemus
 37747 | Shoals:2 | Got a faintly humming animal skin
 37748 | Shoals:2 | Identified the +1 animal skin "Ytumaj" {rN+ Int-3 Slay+2}
                  | (You found it on level 2 of the Shoals)
 37839 | Shoals:2 | Killed Roxanne
 37918 | Shoals:2 | Learned a level 6 spell: Statue Form
 37955 | Shoals:3 | Found Fyhigg Odubb's Armour Shoppe.
 38935 | Shoals:3 | Noticed Mara
 38949 | Shoals:3 | Killed Mara
 38950 | Shoals:3 | Reached XP level 18. HP: 41/101 MP: 12/44
 39063 | Shoals:3 | Noticed Kirke
 39085 | Shoals:3 | Killed Kirke
 39246 | Shoals:3 | Reached skill level 10 in Transmutations
 39693 | Vaults:1 | Entered Level 1 of the Vaults
 39709 | Vaults:1 | Identified the +6 scale mail of Disguise {Regen+ Slay+2}
                  | (You found it on level 1 of the Vaults)
 39751 | Vaults:1 | Reached skill level 21 in Spellcasting
 40742 | Vaults:1 | Reached skill level 10 in Fire Magic
 40751 | Vaults:1 | Reached skill level 10 in Conjurations
 40968 | Vaults:1 | Cast into level 3 of the Abyss (vault warden)
 40970 | Abyss:3  | Gained mutation: Your magical capacity is low. (-10% MP) [a
                  | cacodemon]
 41315 | Vaults:1 | Escaped the Abyss
 41693 | Vaults:1 | Reached XP level 19. HP: 100/105 MP: 33/41
 41851 | Vaults:1 | Identified the +5 mace "Huloum" {vorpal, rElec Str+3 Int+4}
                  | (You found it on level 1 of the Vaults)
 42414 | Shoals:4 | Entered Level 4 of the Shoals
 42497 | Shoals:4 | Got a barnacled rune of Zot
 43055 | Shoals:4 | Noticed Bai Suzhen
 43078 | Shoals:4 | Killed Bai Suzhen
 43836 | Elf:1    | Entered Level 1 of the Elven Halls
 45063 | Elf:2    | Reached skill level 15 in Fire Magic
 45134 | Elf:2    | Noticed a Tzitzimitl
 45312 | Elf:2    | Found a gateway to a bazaar.
 45321 | Bazaar   | Entered a bazaar
 45321 | Bazaar   | Found Vinap's Antique Weapon Boutique.
 45321 | Bazaar   | Found Ryhoechejui's Book Shoppe.
 45321 | Bazaar   | Found Timef's Weapon Shoppe.
 45322 | Bazaar   | Found Conah's Jewellery Emporium.
 45322 | Bazaar   | Found Utaomu's Magic Scroll Emporium.
 45337 | Bazaar   | Bought the ring of Umohu {rF+ rN+ Int+4} for 758 gold
                  | pieces
 45341 | Bazaar   | Bought a scroll of teleportation for 45 gold pieces
 45341 | Bazaar   | Bought a scroll of teleportation for 45 gold pieces
 45341 | Bazaar   | Bought a scroll of identify for 30 gold pieces
 45341 | Bazaar   | Bought a scroll of blinking for 112 gold pieces
 45341 | Bazaar   | Bought a scroll of identify for 30 gold pieces
 45481 | Elf:2    | Found a runed translucent gate.
 45481 | Elf:2    | Found a runed translucent gate.
 45552 | Elf:2    | Found a runed translucent gate.
 45567 | Elf:2    | Found Wuoppouj's General Store.
 45574 | Elf:2    | Found Ycoshyer's Book Shop.
 45577 | Elf:2    | Found Cenasch's Distillery.
 45585 | Elf:2    | Bought a potion of heal wounds for 65 gold pieces
 45585 | Elf:2    | Bought a potion of curing for 39 gold pieces
 45585 | Elf:2    | Bought a potion of haste for 130 gold pieces
 45717 | Elf:2    | Found Luur's Jewellery Emporium.
 45723 | Elf:2    | Bought the ring of Arup {rPois rC- rCorr Int+6} for 552
                  | gold pieces
 45821 | Elf:3    | Entered Level 3 of the Elven Halls
 45946 | Elf:3    | Reached XP level 20. HP: 99/111 MP: 21/42
 46693 | Elf:3    | Got a steaming jade ring
 46694 | Elf:3    | Identified the ring of Diwutren {MP+9 Int+2} (You found it
                  | on level 3 of the Elven Halls)
 46728 | Elf:3    | Identified the Collected Works on Poison and Battle Magic
 46732 | Elf:3    | Identified Sif Muna's Guide on Unholy Execration
 46747 | Elf:3    | Identified the +8 spear of Sin {vorpal, Dex+2} (You found
                  | it on level 3 of the Elven Halls)
 46780 | Elf:3    | Acquired 805 gold pieces
 46790 | Elf:3    | Got a wavering ivory ring
 46791 | Elf:3    | Identified the ring "Dogufy" {rPois rF++ Str-3 Dex+6} (You
                  | found it on level 3 of the Elven Halls)
 47324 | Vaults:2 | Reached skill level 1 in Ice Magic
 48196 | Vaults:2 | Identified the -5 pair of gloves of Liberalism {Dex+3}
 48196 | Vaults:2 | Noticed Nikola
 48197 | Vaults:2 | Noticed Donald
 48200 | Vaults:2 | Killed Donald
 48365 | Vaults:2 | Killed Nikola
 48723 | Vaults:2 | Found Hionky's Antique Armour Emporium.
 48726 | Vaults:2 | Noticed Boris
 48744 | Vaults:2 | Killed Boris
 48746 | Vaults:2 | Reached XP level 21. HP: 57/116 MP: 19/43
 48869 | Vaults:2 | Noticed Saint Roka
 48875 | Vaults:2 | Killed Saint Roka
 49506 | Vaults:3 | Reached skill level 10 in Dodging
 49523 | Vaults:3 | Found a staircase to the Crypt.
 49523 | Vaults:3 | Found a basalt altar of Yredelemnul.
 49524 | Vaults:3 | Found an ancient bone altar of Kikubaaqudgha.
 50552 | Vaults:4 | Reached skill level 5 in Ice Magic
 50555 | Vaults:4 | Reached skill level 15 in Conjurations
 50565 | Vaults:4 | Noticed Frederick
 50572 | Vaults:4 | Killed Frederick
 51649 | Vaults:5 | Entered Level 5 of the Vaults
 51651 | Vaults:5 | Noticed a golden dragon
 51653 | Vaults:5 | Noticed a dread lich
 51659 | Vaults:5 | Killed a golden dragon
 51667 | Vaults:5 | Killed a dread lich
 51692 | Vaults:5 | Noticed an ancient lich
 51699 | Vaults:5 | Killed an ancient lich
 51700 | Vaults:5 | Reached XP level 22. HP: 111/127 MP: 31/44
 51700 | Vaults:5 | Noticed an ancient lich
 51710 | Vaults:5 | Killed an ancient lich
 51711 | Vaults:5 | Reached skill level 10 in Fighting
 51987 | Vaults:5 | Found Arpho Sao's Distillery.
 52388 | Vaults:5 | Reached skill level 10 in Ice Magic
 52607 | Vaults:5 | Identified the +5 hand axe of Ulaon {freeze, rC+ Str+5
                  | Dex-4} (You found it on level 5 of the Vaults)
 52671 | Vaults:5 | Found the +3 warlock's mirror {reflect}
 52673 | Vaults:5 | Noticed a golden dragon
 52678 | Vaults:5 | Killed a golden dragon
 52694 | Vaults:5 | Noticed a dread lich
 52700 | Vaults:5 | Killed a dread lich
 52707 | Vaults:5 | Identified the +7 hand axe "Xirhaw" {vorpal, rElec rC- rN+
                  | SInv} (You found it on level 5 of the Vaults)
 52758 | Vaults:5 | Identified Vehumet's Guide on Confrontation
 52765 | Vaults:5 | Got a silver rune of Zot
 52969 | Vaults:5 | Identified Deblaex's Catalogue of Earth and Darkness
 53298 | Vaults:5 | Identified the Handbook of Freezing Heat
 53303 | Vaults:5 | Identified the +7 demon whip of Reapportionment {pain,
                  | rPois rC+ MP+9 Str+3} (You found it on level 5 of the
                  | Vaults)
 53307 | Vaults:5 | Identified the +3 mace of Annihilation {vorpal, Dex+6} (You
                  | found it on level 5 of the Vaults)
 53587 | Vaults:5 | Identified the Guide on Venom and Evil
 53630 | Vaults:5 | Noticed a golden dragon
 53638 | Vaults:5 | Killed a golden dragon
 53940 | Vaults:5 | Reached skill level 15 in Dodging
 54141 | Depths:1 | Entered Level 1 of the Depths
 54142 | Depths:1 | Noticed Boris
 54150 | Depths:1 | Killed Boris
 54652 | Depths:1 | Found a gateway to Hell.
 54962 | Depths:2 | Noticed Boris
 54970 | Depths:2 | Killed from afar by Boris

Illustrated notes

Levels and vault maps discovered:
D:1:      tarquinn_simple_flora_water_b, layout_basic, chequers_garden
D:2:      layout_loops_ring, zin_treasury, grunt_ministairs_7,
          chequers_big_river, chequers_serial_rivers_micro_a
D:3:      cheibrodos_old_hovel, layout_loops_ring, minmay_vboxes
D:4:      layout_gridville, portal_sewer_entry_a, led_xom_imps
D:5:      layout_basic
D:6:      layout_loops_ring, lemuel_crystal_altar,
          minmay_temple_entry_from_below_a, minmay_misc_feat_encased,
          nicolae_tso_carved_into_rock
D:7:      layout_basic, kiku_gazebo_garden_becter,
          nicolae_overflow_crystal_walls
D:8:      layout_rooms, lemuel_round_altar, serial_shops, shop
D:9:      layout_cave_pools, lightli_temple_of_fire, old_standard_altar,
          kennysheep_mini, grunt_lair_entry_orc_guard_hut, basic_altar,
          uniq_maurice
D:10:     layout_gridville, erik_orc_1, grunt_ministairs_3,
          kennysheep_generic_room_10
D:11:     layout_basic, basic_altar
D:12:     layout_roguey, nicolae_trove_entry_isolated, basic_altar,
          portal_ice_cave_entry_pillars_1, minmay_the_grid_square_5x5_3x3_mashed
          [minmay_the_grid_square_5x5_seven,
          minmay_the_grid_square_5x5_minivault,
          minmay_the_grid_square_5x5_checkered_sparse,
          minmay_the_grid_square_5x5_six_small,
          minmay_the_grid_square_5x5_megaprize_diamond,
          minmay_the_grid_square_5x5_half_checkered,
          minmay_the_grid_square_5x5_tie,
          minmay_the_grid_square_5x5_pentomino_r,
          minmay_the_grid_square_5x5_tetrominoes], uniq_gastronok
D:13:     layout_roguey, serial_shops, shop_statue
D:14:     layout_rooms, david_vaults_3, kennysheep_decorative_pillar,
          kennysheep_dice
D:15:     grunt_enter_depths_giant_problem, layout_basic, minmay_misc_feat_chi,
          uniq_nessos
Temple:   dpeg_chambers_temple
Lair:1:   layout_chaotic_city, basic_altar, grunt_megastairs_2, uniq_sonja
Lair:2:   layout_regular_city
Lair:3:   layout_misc_corridors, elwin_shoals_entry_rocks,
          minmay_snake_entry_guardpost_small
Lair:4:   nzn_winding_woodlands_stair_cross [nzn_winding_woodlands_5x15_pockets,
          nzn_winding_woodlands_center_diamonds,
          nzn_winding_woodlands_5x15_river_crossing,
          nzn_winding_woodlands_5x5_checkerboard,
          nzn_winding_woodlands_5x5_default, nzn_winding_woodlands_5x15_garden,
          nzn_winding_woodlands_center_garden,
          nzn_winding_woodlands_5x15_lazy_stream], layout_cave_shapes,
          serial_bayou_ford_a, ice2_lemuel
Lair:5:   layout_regular_city, slime_altar_1
Lair:6:   hangedman_lair_in_review, layout_small_grid, lemuel_fruit_tree
Shoals:1: cheibrodos_shoals_three_sisters, layout_shoals
Shoals:2: argonaut_golden_fleece, layout_shoals, uniq_polyphemus, uniq_roxanne
Shoals:3: layout_shoals, serial_shops, nicolae_shop_waterfront, uniq_kirke,
          uniq_mara
Shoals:4: shoals_end_grunt_ice, layout_shoals, uniq_bai_suzhen
Snake:1:  layout_cave_shapes
Snake:2:  layout_cave_pods, special_room, nicolae_snake_double_loop,
          grunt_megastairs_5
Snake:3:  layout_gridlike, minmay_shoptagon
Snake:4:  snake_pit, layout_misc_corridors, basic_altar, serial_shops, shop,
          minmay_shop_star
Orc:1:    layout_diamond_mine, serial_shops, shop, shop,
          nicolae_orc_flooded_monolith
Orc:2:    grunt_orc_tribal_feast, layout_caves, basic_altar,
          nicolae_orc_crystal_geode, uniq_josephine, uniq_rupert
Elf:1:    eino_elf_arrival_the_gate, layout_gridlike, hangedman_elf_represent,
          minivault_11, minmay_misc_feat_five, grunt_megastairs_1
Elf:2:    layout_gridlike, serial_shops, bzr_firewalk,
          nicolae_shop_temple_entry_statues_fountains, shop,
          nicolae_shop_statue_plus, shop
Elf:3:    minmay_elf_hall_four_x, layout_geoelf_grid, serial_corexii_hall,
          corexii_hall_statues_i, chequers_hall_statues_wall_a,
          corexii_hall_statues_i, corexii_hall_statues_t,
          chequers_hall_statues_y, corexii_hall_statues_deadend
Vaults:1: ontoclasm_vaults_eye, dpeg_vaults_monster_box, v_rooms_5,
          nicolae_vaults_meeting, hangedman_vaults_variations,
          vaults_standard_mumra_enter_the_diamond,
          nicolae_vaults_windows_and_doors_thing,
          nicolae_vaults_little_squares_1, nicolae_vaults_shelves_hall,
          nicolae_vaults_specimen_jars, layout_vaults_ring
Vaults:2: v_alt_pattern_6, v_misc_31, hangedman_vaults_locks, v_misc_11,
          v_alt_pattern_4, hangedman_vaults_stitches,
          nicolae_vaults_little_squares_6, vaults_room_grid,
          grunt_vaults_twisty, nicolae_vaults_shelves_hall,
          layout_vaults_omnicross, serial_shops,
          nicolae_shop_overgrown_old_shop, uniq_donald, uniq_nikola, uniq_boris,
          uniq_saint_roka
Vaults:3: vaults_room_pools, vaults_room_large_hall,
          nicolae_vaults_ring_of_whatevers, v_misc_26, v_misc_17,
          nicolae_vaults_yaktaur_gun_rack, ontoclasm_vaults_gateway,
          layout_vaults_quadrants, minmay_crypt_entry_necro_gods
Vaults:4: v_misc_14, v_misc_9, hangedman_vaults_impose, vaults_dpeg_spiral,
          vaults_room_corners, layout_vaults_chaotic_city, uniq_frederick
Vaults:5
Depths:1: layout_big_octagon, grunt_hell_horde, marbit_kobold_abyss_entry,
          skrybe_limestone_x, kilobyte_mutagenic_chamber, serial_bayou_shore_b
Depths:2: cheibrodos_lost_city_excavation, layout_cave_pools,
          hangedman_decor_slide_cut, grunt_hell_entry_dis_grunt,
          grunt_decor_cap, infiniplex_staircase_zigzag_3, uniq_enchantress

Skill      XL: |  1  2  3  4  5  6  7  8  9 10 11 12 13 14 15 16 17 18 19 20 21 22 |
---------------+-------------------------------------------------------------------+-----
Stealth        | 3 4 5 7 9 10 | 10.0
Fighting       | 1 2 3 4 5 6 7 9 12 | 12.0
Dodging        | 3 4 5 6 8 9 12 15 | 15.0
Transmutations | 2 3 4 6 7 8 9 10 | 10.0
Spellcasting   | 4 5 8 10 14 15 16 17 18 19 20 21 | 21.0
Earth Magic    | 4 5 7 9 10 11 12 13 14 15 16 18 | 18.0
Shields        | 2 4 |  4.0
Short Blades   | 4 6 |  6.0
Evocations     | 2 5 8 10 | 10.0
Conjurations   | 4 6 7 9 10 13 14 15 | 15.0
Fire Magic     | 3 5 8 11 15 17 18 | 18.0
Summonings     | 4 7 |  7.0
Translocations | 4 7 |  7.0
Ice Magic      | 3 9 11 | 11.2

Action                   |  1- 3 |  4- 6 |  7- 9 | 10-12 | 13-15 | 16-18 | 19-21 | 22-24 || total
-------------------------+-------+-------+-------+-------+-------+-------+-------+-------++-------
Melee: Club              |    21 |       |       |       |       |       |       |       ||    21
       Unarmed           |     6 |       |       |       |       |       |       |       ||     6
       Short sword       |    70 |       |       |       |       |       |       |       ||    70
       Dagger            |     2 |   290 |   250 |   484 |   727 |   225 |   163 |       ||  2141
       Double sword      |       |       |       |       |       |    94 |    21 |       ||   115
       Mace              |       |       |       |       |       |       |    58 |       ||    58
       Staff             |       |       |       |       |       |       |    15 |     8 ||    23
 Cast: Sandblast         |    30 |    89 |   120 |    37 |    11 |       |       |       ||   287
       Stone Arrow       |       |     1 |    12 |    25 |   112 |   202 |   115 |       ||   467
       Petrify           |       |       |     2 |    49 |   244 |    35 |    21 |       ||   351
       Lee's Rapid Decon |       |       |     8 |    83 |    97 |    67 |     6 |       ||   261
       Passwall          |       |       |       |       |     5 |     9 |       |       ||    14
       Summon Forest     |       |       |       |       |     1 |    40 |     5 |     2 ||    48
       Orb of Destructio |       |       |       |       |     1 |       |       |       ||     1
       Iron Shot         |       |       |       |       |       |   167 |    89 |    74 ||   330
       Spellforged Servi |       |       |       |       |       |    36 |     5 |     5 ||    46
       Statue Form       |       |       |       |       |       |    13 |    11 |       ||    24
       Ignition          |       |       |       |       |       |     7 |   110 |    46 ||   163
       Apportation       |       |       |       |       |       |       |     1 |       ||     1
       Shatter           |       |       |       |       |       |       |       |     1 ||     1
Evoke: Box of beasts     |       |       |       |     1 |     4 |       |     1 |     2 ||     8
       Wand              |       |       |       |       |    20 |    20 |     3 |     5 ||    48
       Phantom mirror    |       |       |       |       |     1 |       |       |       ||     1
  Use: Scroll            |     5 |    12 |     5 |     5 |    13 |     9 |    11 |     9 ||    69
       Potion            |       |     1 |       |       |     2 |     4 |     2 |     2 ||    11
 Stab: Sleeping          |     2 |     5 |     5 |     7 |    32 |     5 |    18 |       ||    74
       Petrified         |       |       |     7 |    88 |   251 |    39 |    27 |       ||   412
       Petrifying        |       |       |     1 |     5 |    38 |     6 |     2 |       ||    52
       Distracted        |       |       |       |       |     2 |     8 |     3 |       ||    13
       Paralysed         |       |       |       |       |     1 |       |       |       ||     1
Armor: Robe              |    42 |    49 |    36 |   106 |    99 |       |       |       ||   332
       Leather armour    |       |    44 |    34 |       |    38 |    62 |    47 |    10 ||   235
       Skin              |       |       |       |       |       |   118 |   124 |       ||   242
Dodge: Dodged            |   116 |   239 |   218 |   303 |   464 |   574 |   327 |    49 ||  2290
       Repelled          |       |       |     1 |     2 |     7 |    30 |    14 |       ||    54
Block: Buckler           |       |       |    25 |   102 |   145 |   169 |    90 |    23 ||   554
       Reflection        |       |       |     2 |     1 |     3 |     4 |       |       ||    10
       Rpst.: Double sword |       |       |       |       |       |    33 |     8 |       ||    41

Table legend: (Time is in decaauts)
 A = Elapsed time spent in this place.
 B = Non-inter-level travel time spent in this place.
 C = Inter-level travel time spent in this place.
 D = Time resting spent in this place.
 E = Time spent auto-exploring this place.
 F = Levels seen in this place.
 G = Mean time per level.
                   A        B        C        D        E       F      G
               +--------+--------+--------+--------+--------+-----+--------+
         Total |  55968 |  52572 |   3396 |  16647 |  21654 |  46 | 1216.7 |
       Dungeon |  17577 |  16101 |   1476 |   4764 |   6928 |  15 | 1171.8 |
        Temple |    233 |    213 |     20 |      0 |    209 |   1 |  233.0 |
          Lair |   8111 |   7584 |    527 |   2232 |   3424 |   6 | 1351.8 |
        Shoals |   6165 |   5752 |    413 |   2177 |   1983 |   4 | 1541.2 |
     Snake Pit |   5869 |   5638 |    231 |   2289 |   2198 |   4 | 1467.2 |
  Orcish Mines |   2170 |   1953 |    217 |    534 |    821 |   2 | 1085.0 |
   Elven Halls |   3313 |   3199 |    114 |    803 |   1623 |   3 | 1104.3 |
        Vaults |   9390 |   9032 |    358 |   2940 |   3702 |   5 | 1878.0 |
        Depths |    769 |    731 |     38 |      7 |    571 |   2 |  384.5 |
         Abyss |    390 |    390 |      0 |     82 |      0 |   1 |  390.0 |
        Bazaar |     24 |     24 |      0 |      0 |      3 |   1 |   24.0 |
         Sewer |    866 |    866 |      0 |    269 |    106 |   1 |  866.0 |
      Ice Cave |   1085 |   1085 |      0 |    549 |     84 |   1 | 1085.0 |
               +--------+--------+--------+--------+--------+-----+--------+

Top non-repeatable levels by time:
Vaults:1: 2745 daAuts
Vaults:2: 1994 daAuts
 Snake:4: 1942 daAuts
     D:2: 1847 daAuts
 Snake:2: 1838 daAuts
Vaults:4: 1745 daAuts
Vaults:5: 1701 daAuts
Shoals:3: 1694 daAuts
  Lair:4: 1616 daAuts
Shoals:2: 1607 daAuts
Shoals:4: 1492 daAuts
 Snake:3: 1445 daAuts
  Lair:2: 1433 daAuts
     D:8: 1431 daAuts
  Lair:3: 1424 daAuts
